Map: Site Delta LE

Players

FaZZoR

  • Race: Protoss Protoss
  • League: Bronze
  • Spawn Location: 5:00

demzi - Winner!

  • Race: Zerg Zerg
  • League: Silver
  • Spawn Location: 11:00

VOD

Have the link to the VOD?

Description

Time

  • Played on: March 20, 2024, 6:06 p.m.
  • Length: 11:07
Show
View Real Time Build Order
Export as new Build Order

FaZZoR Protoss 

Build Orders:  

Get SALT Encoding   

  12  0:02  Probe  
  13  0:14  Probe  
  14  0:24  Pylon  
  14  0:27  Probe (Chrono Boost)  
  15  0:31  Assimilator  
  16  0:43  Probe (Chrono Boost)  
  16  0:48  Gateway  
  16  0:49  Probe  
  17  1:04  Gateway  
  17  1:05  Probe  
  18  1:15  Pylon  
  18  1:23  Forge  
  18  1:30  Pylon  
  18  1:38  Zealot  
  20  1:50  Cybernetics Core  
  20  1:56  Probe (Chrono Boost)  
  21  2:08  Probe (Chrono Boost)  
  22  2:21  Nexus  
  22  2:24  Assimilator  
  22  2:26  Probe  
  23  2:39  Photon Cannon  
  23  2:50  Stalker  
  25  3:03  Probe  
  26  3:08  Stargate  
  26  3:15  Probe (Chrono Boost)  
  27  3:25  Pylon  
  28  3:27  Probe (Chrono Boost)  
  28  3:34  Assimilator, Probe (Chrono Boost)  
  29  3:35  Assimilator  
  29  3:36  Probe (Chrono Boost)  
  30  3:41  Probe  
  30  3:45  Probe  
  32  3:49  Robotics Facility  
  32  3:54  Probe  
  33  3:57  Stalker  
  35  4:07  Shield Battery  
  35  4:11  Shield Battery  
  35  4:27  Probe, Stargate, Stalker  
  35  4:28  Probe  
  39  4:39  Probe  
  39  4:40  Observer, Probe  
  46  4:56  Void Ray  
  50  5:15  Probe x2  
  50  5:17  Void Ray  
  52  5:31  Pylon  
  56  5:39  Void Ray  
  56  5:48  Fleet Beacon  
  56  5:51  Pylon  
  60  6:04  Probe  
  60  6:06  Probe  
  60  6:07  Void Ray  
  62  6:14  Warp Prism  
  62  6:16  Probe  
  69  6:35  Void Ray  
  69  6:40  Zealot  
  69  6:41  Protoss Air Armor Level 1 (Chrono Boost)  
  71  6:48  Tempest  
  76  6:59  Flux Vanes  
  76  7:12  Stargate  
  76  7:21  Probe, Pylon  
  76  7:22  Photon Cannon, Probe  
  78  7:39  Immortal, Probe  
  78  7:40  Pylon  
  83  7:51  Probe  
  88  8:04  Void Ray  
  92  8:14  Void Ray  
  92  8:19  Pylon  
  92  8:23  Nexus  
  92  8:25  Observer  
  93  8:36  Tempest  
  93  8:37  Stalker  
  100  8:46  Observer  
  101  8:52  Pylon  
  101  8:54  Pylon  
  101  9:08  Observer  
  100  9:15  Nexus  
  44  10:12  Probe  
  45  10:24  Probe  
  46  10:36  Probe  
  47  10:48  Probe  
Show
View Real Time Build Order
Export as new Build Order

demzi Zerg - Winner!

Build Orders: Hatch First 

Get SALT Encoding   

  12  0:00  Drone  
  13  0:13  Overlord  
  13  0:17  Drone  
  14  0:31  Drone x2  
  16  0:51  Hatchery  
  16  0:53  Drone  
  16  0:56  Drone  
  17  0:59  Drone  
  17  1:02  Extractor  
  17  1:17  Spawning Pool  
  16  1:20  Drone  
  16  1:23  Drone  
  18  1:28  Drone  
  19  1:39  Drone  
  20  1:50  Overlord  
  20  2:03  Queen  
  20  2:04  Queen  
  20  2:05  Zergling x2  
  26  2:15  Zergling x2  
  26  2:22  Drone x2  
  28  2:24  Drone  
  29  2:34  Drone  
  29  2:35  Drone  
  31  2:44  Queen  
  31  2:45  Drone  
  31  2:46  Drone  
  35  2:54  Overlord  
  34  3:05  Overlord  
  34  3:06  Overlord  
  34  3:16  Drone x3  
  34  3:19  Extractor, Drone  
  37  3:21  Extractor, Drone  
  37  3:26  Hatchery  
  36  3:28  Drone x3  
  36  3:31  Drone  
  40  3:38  Lair  
  40  3:46  Drone x3  
  43  3:48  Drone x2  
  43  3:50  Drone  
  43  3:53  Drone x2  
  48  4:09  Roach Warren  
  47  4:11  Evolution Chamber  
  47  4:12  Pneumatized Carapace, Evolution Chamber  
  45  4:17  Drone x3  
  48  4:26  Drone x7  
  55  4:37  Zerg Missile Weapons Level 1  
  55  4:39  Zerg Ground Armor Level 1  
  55  4:50  Glial Reconstitution  
  59  4:52  Roach  
  59  4:53  Roach x3  
  59  4:55  Burrow, Roach  
  65  5:03  Overlord  
  65  5:04  Overlord  
  65  5:11  Overlord x2  
  65  5:17  Overlord  
  65  5:20  Drone  
  65  5:21  Queen  
  66  5:24  Drone x7  
  66  5:27  Extractor  
  74  5:30  Extractor  
  75  5:35  Drone x8  
  75  5:42  Ravager x5  
  86  5:43  Overlord  
  86  5:52  Drone  
  87  6:05  Roach  
  87  6:06  Roach x7  
  87  6:09  Hatchery  
  87  6:10  Overlord x2  
  102  6:17  Hydralisk Den  
  101  6:36  Overlord x3  
  101  6:38  Zerg Missile Weapons Level 2  
  101  6:39  Zerg Ground Armor Level 2  
  101  6:42  Roach x4  
  101  6:43  Roach x3  
  101  6:46  Roach  
  117  6:52  Overseer  
  117  7:12  Hydralisk  
  117  7:13  Hydralisk x5  
  129  7:20  Overlord x3  
  129  7:21  Overlord x3  
  129  7:30  Muscular Augments  
  129  7:31  Roach x4  
  129  7:32  Roach x3  
  129  7:33  Roach  
  145  7:42  Drone x4  
  145  7:43  Drone x3  
  152  7:54  Roach  
  152  7:55  Roach x7  
  168  8:06  Extractor  
  168  8:07  Roach x8  
  168  8:09  Extractor  
  182  8:18  Hydralisk x3  
  182  8:19  Hydralisk  
  190  8:21  Hydralisk  
  190  8:24  Zergling x2  
  190  8:25  Zergling x8  
  197  8:57  Drone x3  
  183  9:28  Ravager x2  
  183  9:29  Ravager  
  178  9:34  Hydralisk x4  
  178  9:35  Hydralisk x9  
  169  10:10  Hydralisk  
  169  10:11  Hydralisk x13  
  182  10:23  Overlord  
  182  10:24  Overlord x2  
  178  10:28  Ravager x2  
  178  10:29  Ravager x3  
  183  10:38  Hydralisk  
  183  10:39  Hydralisk x3  
Tags
 
Matchup
PvZ
Replay Pack
Multiplayer
Spawn Locations
Cross Positions
Add a new tag
Caveats
  • Supply blocks, unpowered buildings, or Contaminate may cause inaccurate times.
  • Supply counts are checked every 10 seconds.